 Dungeon Crawl Stone Soup version 0.31-a0-799-g6bc09d010c (webtiles) character file.

Game seed: 2526412575140871004

14867 Ijustatesigmund the Thaumaturge (level 11, -1/61 HPs)
             Began as a Deep Elf Fire Elementalist on Sept 18, 2023.
             Was a High Priest of Vehumet.
             Slain by a large abomination (11 damage)
             ... on level 2 of the Abyss on Sept 19, 2023.
             The game lasted 00:39:32 (16411 turns).

Ijustatesigmund the Thaumaturge (DEFE)             Turns: 16411, Time: 00:39:33

Health: -1/61      AC:  9    Str:  5    XL:     11   Next: 94%
Magic:  19/29      EV: 14    Int: 37    God:    Vehumet [*****.]
Gold:   932        SH:  7    Dex: 15    Spells: 7/35 levels left

rFire   + . .        t - +9 hand axe of Zin's Generosity {heavy, *Corrode rElec rC++ Will- Int+9}
rCold   + + +        M - +3 warlock's mirror {omnireflect}
rNeg    + . .        a - +2 robe {rF+}
rPois   .            (no helmet)
rElec   +            e - +1 cloak
rCorr   .            (no gloves)
SInv    .            A - +2 pair of boots "Vuciuset" {rC+ rN+ Int+3}
Will    +....        (no amulet)
Stlth   ++           l - ring of willpower
HPRegen 0.30/turn    r - +4 ring of slaying
MPRegen 0.21/turn

%: corrode self (3%), reflection
@: studying Ice Magic
A: no striking features
a: Renounce Religion


You were on level 2 of the Abyss.
You worshipped Vehumet.
Vehumet was extremely pleased with you.
You visited 2 branches of the dungeon, and saw 11 of its levels.
You visited the Abyss 1 time.
You also visited: Sewer.

You collected 976 gold pieces.
You spent 44 gold pieces at shops.

Inventory:

Hand Weapons
 c - a +0 short sword of protection
 o - a +3 dagger of flaming
 t - the +9 hand axe of Zin's Generosity (weapon) {heavy, *Corrode rElec rC++ Will- Int+9}
   (You found it on level 4 of the Dungeon)

   Int+9:     It affects your intelligence (+9).
   rC++:      It greatly protects you from cold.
   rElec:     It insulates you from electricity.
   Will-:     It decreases your willpower.
   *Corrode:  It may corrode you when you take damage.
 z - a +4 quarterstaff of chaos
 L - a +3 scimitar of flaming
Missiles
 u - a throwing net
Armour
 a - a +2 robe of fire resistance (worn)
 e - a +1 cloak (worn)
 A - the +2 pair of boots "Vuciuset" (worn) {rC+ rN+ Int+3}
   (You found it on level 9 of the Dungeon)

   Int+3:     It affects your intelligence (+3).
   rC+:       It protects you from cold.
   rN+:       It protects you from negative energy.
 I - +0 swamp dragon scales
 M - the +3 warlock's mirror (worn) {omnireflect}
   (You found it on level 10 of the Dungeon)

   Omnireflect: It can block and reflect piercing ranged attacks and magical
   attacks against the wielder's willpower.
Jewellery
 l - a ring of willpower (left hand)
 q - a ring of positive energy
 r - a +4 ring of slaying (right hand)
 y - a +6 ring of dexterity
 B - a +6 ring of strength
 C - a ring of positive energy
 D - an amulet of the acrobat
 K - a ring of flight
Wands
 E - a wand of iceblast (6)
Scrolls
 d - a scroll of fog
 f - 3 scrolls of teleportation
 h - a scroll of silence
 m - a scroll of amnesia
 n - a scroll of vulnerability
 w - a scroll of revelation
 G - 3 scrolls of identify
 H - 2 scrolls of enchant weapon
 J - a scroll of torment
Potions
 b - 3 potions of magic
 g - 2 potions of brilliance
 i - a potion of resistance
 j - 4 potions of curing
 k - 3 potions of haste
 p - a potion of lignification
 s - a potion of mutation
 v - 2 potions of enlightenment
 x - 3 potions of cancellation
 F - a potion of invisibility {unknown}


   Skills:
 - Level 4.2 Fighting
 - Level 3.9 Armour
 - Level 6.0 Dodging
 - Level 2.4 Stealth
 * Level 1.2 Shields
 + Level 12.5 Spellcasting
 + Level 9.5 Conjurations
 + Level 10.1 Fire Magic
 - Level 2.9 Air Magic
 - Level 5.6 Earth Magic
 - Level 3.3 Poison Magic
 + Level 4.4 Evocations


You had 7 spell levels left.
You knew the following spells:

 Your Spells              Type           Power      Damage    Failure   Level
a - Foxfire               Conj/Fire      100%       2x1d9     1%          1
b - Scorch                Fire           100%       2d9       1%          2
c - Flame Wave            Conj/Fire      77%        2d17      1%          4
d - Stone Arrow           Conj/Erth      100%       3d13      1%          3
e - Poisonous Vapours     Pois/Air       92%        N/A       1%          2
f - Ignite Poison         Fire/Tmut/Pois 54%        N/A       1%          3
g - Starburst             Conj/Fire      38%        6d11      2%          6
h - Swiftness             Air            45%        N/A       2%          3
i - Sticky Flame          Conj/Fire      77%        2d9       1%          4

Your spell library contained the following spells:

 Spells                   Type           Power      Damage    Failure   Level
 Plasma Beam              Fire/Air       32%        2x1d45    9%          6
 Passwall                 Tmut/Erth      36%        N/A       1%          2
 Dazzling Flash           Conj/Hex       100%       N/A       1%          3
 Inner Flame              Hex/Fire       57%        N/A       1%          3
 Volatile Blastmotes      Fire/Tloc      100%       2d18      1%          3
 Apportation              Tloc           46%        N/A       3%          1
 Slow                     Hex            92%        N/A       3%          1
 Ensorcelled Hibernation  Hex/Ice        46%        N/A       4%          2
 Lesser Beckoning         Tloc           46%        N/A       4%          2
 Confusing Touch          Hex            23%        N/A       10%         3
 Gell's Gravitas          Tloc           23%        N/A       10%         3
 Sigil of Binding         Hex            23%        N/A       10%         3
 Teleport Other           Tloc           23%        N/A       10%         3
 Vampiric Draining        Necr           23%        2d7       10%         3
 Animate Armour           Summ/Erth      88%        N/A       10%         4
 Lehudib's Crystal Spear  Conj/Erth      34%        10d9      89%         8
 Maxwell's Capacitive Co  Air            22%        ∞         100%        8


Dungeon Overview and Level Annotations

Branches:
Dungeon (10/15)            Temple (1/1) D:7            Lair (0/5) D:10
    Orc (0/2) D:9           Sewer (visited)

Altars:
Ashenzari
Cheibriados
Dithmenos
Elyvilon
Fedhas
Gozag
Hepliaklqana
Kikubaaqudgha
Makhleb
Nemelex Xobeh
Okawaru
Qazlal
Ru
Sif Muna
Trog
Uskayaw
Vehumet
Wu Jian
Xom
Yredelemnul
Zin
The Shining One

Shops:
D:9 *

Annotations:
D:9 3 runed translucent doors


Message History

Casting: Scorch (safe; 1% risk of failure)
Confirm with . or Enter, or press ? or * to list all spells.
Flames lash the large abomination.
The large abomination is lightly damaged.
The large abomination's fire resistance burns away.
Casting: Scorch (safe; 1% risk of failure)
Confirm with . or Enter, or press ? or * to list all spells.
Flames lash the large abomination.
The large abomination is burned terribly!
The large abomination is moderately damaged.
Casting: Scorch (safe; 1% risk of failure)
Confirm with . or Enter, or press ? or * to list all spells.
You can't see any susceptible monsters within range! (Use Z to cast anyway.)
Casting: Scorch (safe; 1% risk of failure)
Confirm with . or Enter, or press ? or * to list all spells.
Flames lash the large abomination.
The large abomination is burned terribly!
The large abomination is severely damaged.
The large abomination hits you!! The large abomination hits you!
* * * LOW HITPOINT WARNING * * *
Unknown command.
Okay, then.
Casting: Scorch (safe; 1% risk of failure)
Confirm with . or Enter, or press ? or * to list all spells.
Casting: Starburst (dangerous; 2% risk of failure)
Press: ? - help, Dir - look around, f - activate
Okay, then.
Casting: Starburst (dangerous; 2% risk of failure)
Confirm with . or Enter, or press ? or * to list all spells.
Okay, then.
Casting: Starburst (dangerous; 2% risk of failure)
Confirm with . or Enter, or press ? or * to list all spells.
Aiming: Stone Arrow (safe; 1% risk of failure)
Press: ? - help, Shift-Dir - straight line, f - large abomination
Aim: a large abomination (severely damaged, more vulnerable to fire, 89% to hit)
The stone arrow hits the large abomination!
The large abomination is almost destroyed.
The large abomination hits you!
You die...

....# .## . ..
...# . ... ...##
..##..##...#####
...#.........#
........##. .
#X....##. .
..##.@..# .
.........##....
# #..........#.
.
####...........#
#.#....#....#
............##
#.. .#.##.####
#......# .#
.#.###. .


You could see a large abomination (combustible).

Vanquished Creatures
  Fannar (D:10)
  Erica (D:10)
  A two-headed ogre (D:10)
  7 wizards (D:10)
  Maggie (D:9)
  2 gargoyles (D:10)
  An unseen horror (D:10)
  A komodo dragon (D:10)
  A troll (D:10)
  A wraith (D:9)
  6 yaks
  2 wyverns
  Edmund (D:6)
  A steam dragon (D:9)
  2 water moccasins
  11 orc warriors
  3 black bears
  An ice beast (D:7)
  3 ogres (D:8)
  11 centaurs
  A small abomination (Abyss:2)
  2 phantoms (D:4)
  Blork the orc (D:6)
  2 bullfrogs
  3 scorpions
  2 gnoll sergeants (D:8)
  4 kobold brigands
  8 wights
  8 killer bees
  8 electric eels
  3 hounds
  2 jellies (D:5)
  Crazy Yiuf (D:6)
  3 gnoll boudas
  14 orc priests
  Ijyb (D:4)
  5 iguanas
  19 orc wizards
  17 gnolls
  13 adders
  3 river rats (Sewer)
  A white imp (D:6)
  An ufetubus (D:4)
  2 worms
  4 dart slugs
  61 orcs
  2 bats
  11 endoplasms
  3 giant cockroaches
  13 goblins
  12 hobgoblins
  7 jackals (D:1)
  32 kobolds
  6 quokkas
  11 ball pythons
  3 frilled lizards
  13 rats
360 creatures vanquished.

Vanquished Creatures (collateral kills)
  An orc warrior (D:7)
  A gnoll bouda (D:6)
  3 orc priests (D:7)
  An orc wizard (D:7)
  An orc (D:7)
  2 foxfires (D:8)
9 creatures vanquished.

Vanquished Creatures (others)
  2 orc warriors
  An ogre (D:7)
  An orc priest (D:7)
  2 gnolls (D:6)
  An orc (D:7)
  624 foxfires
631 creatures vanquished.

Grand Total: 1000 creatures vanquished

Notes
Turn   | Place    | Note
-------+----------+-------------------------------------------
     0 | D:1      | Ijustatesigmund the Deep Elf Fire Elementalist began the
                  | quest for the Orb.
     0 | D:1      | Reached XP level 1. HP: 10/10 MP: 6/6
   147 | D:1      | Reached XP level 2. HP: 11/16 MP: 2/8
   325 | D:1      | Learned a level 2 spell: Scorch
   817 | D:1      | Reached XP level 3. HP: 15/20 MP: 0/10
  1596 | D:2      | Reached skill level 1 in Fighting
  2318 | D:3      | Reached skill level 4 in Spellcasting
  2318 | D:3      | Reached XP level 4. HP: 25/25 MP: 9/12
  2323 | D:3      | Learned a level 4 spell: Flame Wave
  2691 | D:3      | Found a faded altar of an unknown god.
  3227 | D:3      | Found a shadowy altar of Dithmenos.
  3236 | D:3      | Found an ornate altar of the Wu Jian Council.
  3278 | D:4      | Noticed a black bear
  3282 | D:4      | Noticed a black bear
  3535 | D:4      | Noticed a scorpion
  3542 | D:4      | Reached XP level 5. HP: 16/29 MP: 1/13
  3543 | D:4      | Reached skill level 5 in Spellcasting
  3871 | D:4      | Found a stormy altar of Qazlal.
  3940 | D:4      | Killed a black bear
  3941 | D:4      | Reached skill level 5 in Fire Magic
  3941 | D:4      | Reached XP level 6. HP: 34/34 MP: 10/16
  3995 | D:4      | Reached skill level 6 in Spellcasting
  4085 | D:4      | Noticed Ijyb
  4092 | D:4      | Killed Ijyb
  4093 | D:4      | Reached XP level 7. HP: 38/38 MP: 12/18
  4500 | D:4      | Found a sparkling altar of Nemelex Xobeh.
  4505 | D:4      | Identified the +9 hand axe of Zin's Generosity {heavy,
                  | *Corrode rElec rC++ Will- Int+9}
  4711 | D:4      | Learned a level 3 spell: Stone Arrow
  4981 | D:5      | Entered Level 5 of the Dungeon
  4989 | D:5      | Reached skill level 5 in Conjurations
  5121 | D:5      | Found a glowing drain.
  5129 | Sewer    | Entered a sewer
  5335 | Sewer    | Reached skill level 1 in Earth Magic
  5427 | Sewer    | Reached skill level 7 in Spellcasting
  5886 | D:5      | Reached XP level 8. HP: 19/43 MP: 12/21
  7173 | D:6      | Reached skill level 8 in Spellcasting
  7269 | D:6      | Identified the +1 long sword "Koettyph" {distort, Str+5}
  7272 | D:6      | Identified the staff of Demand {*Slow rPois Str+2 Earth}
  7282 | D:6      | Noticed Blork the orc
  7298 | D:6      | Killed Blork the orc
  7752 | D:6      | Noticed Edmund
  7762 | D:6      | Killed Edmund
  7765 | D:6      | Reached XP level 9. HP: 31/48 MP: 9/23
  8016 | D:6      | Found an opulent altar of Gozag.
  8606 | D:6      | Found a runed translucent door.
  8607 | D:6      | Noticed Crazy Yiuf
  8613 | D:6      | Killed Crazy Yiuf
  8949 | D:7      | Found a staircase to the Ecumenical Temple.
  8958 | Temple   | Entered the Ecumenical Temple
  8969 | Temple   | Became a worshipper of Vehumet
  9293 | D:7      | Reached skill level 9 in Spellcasting
  9971 | D:7      | Found a transporter.
  9974 | D:7      | Noticed a cyclops
  9976 | D:7      | Found a transporter.
 10013 | D:7      | Reached skill level 5 in Earth Magic
 10042 | D:7      | Reached * piety under Vehumet
 10042 | D:7      | Offered knowledge of Kiss of Death by Vehumet.
 10209 | D:8      | Reached skill level 5 in Dodging
 10210 | D:8      | Offered knowledge of Poisonous Vapours by Vehumet.
 10210 | D:8      | Reached ** piety under Vehumet
 10422 | D:8      | Learned a level 2 spell: Poisonous Vapours
 10689 | D:8      | Found a shimmering blue altar of Sif Muna.
 10712 | D:8      | Reached skill level 1 in Air Magic
 10712 | D:8      | Reached skill level 1 in Poison Magic
 10833 | D:8      | Reached XP level 10. HP: 37/54 MP: 19/25
 11028 | D:8      | Reached skill level 10 in Spellcasting
 11084 | D:8      | Identified the +0 cloak "Puziraitta" {Harm rC+ Dex+2
                  | Stlth-}
 11278 | D:9      | Found a bloodstained altar of Trog.
 11282 | D:9      | Got an engraved book
 11793 | D:8      | Offered knowledge of Frozen Ramparts by Vehumet.
 11804 | D:8      | Reached *** piety under Vehumet
 12232 | D:9      | Offered knowledge of Ignite Poison by Vehumet.
 12600 | D:9      | Learned a level 3 spell: Ignite Poison
 12859 | D:9      | Found a runed translucent gate.
 12859 | D:9      | Found a runed translucent gate.
 12859 | D:9      | Found a runed translucent gate.
 12861 | D:9      | Noticed a glowing orange brain
 12861 | D:9      | Noticed a purple ugly thing
 12861 | D:9      | Noticed a green ugly thing
 12861 | D:9      | Noticed a purple ugly thing
 12861 | D:9      | Noticed a white ugly thing
 12863 | D:9      | Noticed a white ugly thing
 12874 | D:9      | Learned a level 6 spell: Starburst
 12881 | D:9      | Noticed Maggie
 12885 | D:9      | Killed Maggie
 13109 | D:9      | Reached skill level 11 in Spellcasting
 13124 | D:9      | Reached **** piety under Vehumet
 13302 | D:9      | Found a staircase to the Orcish Mines.
 13341 | D:9      | Found Iregokk's CLEARANCE SALE!.
 13350 | D:9      | Bought a scroll of identify for 4 gold pieces
 13350 | D:9      | Bought a book of Burglary for 40 gold pieces
 13354 | D:9      | Learned a level 3 spell: Swiftness
 13392 | D:9      | Found a blossoming altar of Fedhas.
 13489 | D:9      | Found a glowing golden altar of the Shining One.
 13583 | D:9      | Identified the +2 pair of boots "Vuciuset" {rC+ rN+ Int+3}
 13597 | D:9      | Offered knowledge of Sticky Flame by Vehumet.
 13604 | D:9      | Learned a level 4 spell: Sticky Flame
 13951 | D:10     | Entered Level 10 of the Dungeon
 14125 | D:10     | Noticed a wizard
 14131 | D:10     | Killed a wizard
 14132 | D:10     | Reached skill level 1 in Evocations
 14197 | D:10     | Reached XP level 11. HP: 51/61 MP: 24/28
 14853 | D:10     | Upgraded the game from 0.31-a0-788-ga445dbd2db to
                  | 0.31-a0-799-g6bc09d010c
 14888 | D:10     | Identified the +0 robe of Ligaj {rN+}
 14956 | D:10     | Noticed a two-headed ogre
 14964 | D:10     | Killed a two-headed ogre
 14965 | D:10     | Reached skill level 1 in Armour
 15143 | D:10     | Noticed Fannar
 15149 | D:10     | Killed Fannar
 15445 | D:10     | Noticed Erica
 15454 | D:10     | Killed Erica
 15625 | D:10     | Found a staircase to the Lair.
 15699 | D:10     | Reached skill level 12 in Spellcasting
 15807 | D:10     | Found a burning altar of Makhleb.
 15916 | D:10     | Noticed a wizard
 15924 | D:10     | Killed a wizard
 15941 | D:10     | Noticed a wizard
 15945 | D:10     | Killed a wizard
 15948 | D:10     | Noticed a wizard
 15949 | D:10     | Noticed a wizard
 15951 | D:10     | Killed a wizard
 15952 | D:10     | Reached skill level 10 in Fire Magic
 15956 | D:10     | Killed a wizard
 16076 | D:10     | Found the +3 warlock's mirror {omnireflect}
 16109 | D:10     | Noticed a wizard
 16111 | D:10     | Killed a wizard
 16111 | D:10     | Reached ***** piety under Vehumet
 16115 | D:10     | Noticed a wizard
 16117 | D:10     | Killed a wizard
 16117 | D:10     | Offered knowledge of Plasma Beam by Vehumet.
 16118 | D:10     | Reached skill level 1 in Shields
 16340 | D:10     | Noticed a wizard
 16341 | Abyss:2  | Cast into level 2 of the Abyss (a wizard)
 16405 | Abyss:2  | Noticed a large abomination
 16411 | Abyss:2  | Slain by a large abomination

Illustrated notes

Levels and vault maps discovered:
D:1:      nicolae_arrival_washed_ashore, layout_loops_ring, serial_glass,
          glass_columns_c, glass_columns_c, minmay_strange_pillars,
          item_on_display_a, feat_on_display, minmay_strange_pillars,
          chequers_serial_rivers_marsh, kennysheep_nondescript, minmay_vboxes
D:2:      layout_rooms
D:3:      layout_basic, mainiacjoe_overflow_swirl,
          dreamdust_ecumenical_altar_statues, eino_tiny_chamber,
          chequers_serial_rivers_small_3, minmay_fractal_squares_5
D:4:      layout_cave_pools, old_standard_altar, grunt_qazlal_clouds, uniq_ijyb
D:5:      layout_basic, gup_sewer_entry_bubbles
D:6:      layout_basic, nicolae_gozag_cash_rules_everything_around_me,
          uniq_crazy_yiuf_cottage, uniq_edmund, uniq_blork_the_orc
D:7:      gammafunk_beogh_shrine, layout_loops_cross, lemuel_temple_firewalk_b
D:8:      kennysheep_housing_project, layout_rooms, led_sif_book, special_room
          [special_room_orc], minmay_manual_mares
D:9:      layout_grid_maze, kennysheep_mini, trog_book, tso_metal_star,
          david_orc_4, serial_bayou, serial_bayou_shore_a,
          serial_bayou_crossing, serial_bayou_pond_b, serial_bayou_shore_b,
          ploomutoo_gammafunk_ghost_potion_laboratory, nicolae_shop_clearance,
          uniq_maggie
D:10:     minmay_smoke_and_mirrors, layout_basic, mainiacjoe_overflow_24_doors,
          grunt_lair_entry_orc_guard_hut, uniq_erica, uniq_fannar
Temple:   hellmonk_temple_flake
Abyss:2:  base: D:10, evilmike_abyss_exit_9

Skill      XL: |  1  2  3  4  5  6  7  8  9 10 11 |
---------------+----------------------------------+-----
Fighting       | 1 2 4 |  4.2
Conjurations   | 2 3 4 5 6 7 8 9 |  9.5
Fire Magic     | 4 5 6 7 8 9 10 | 10.1
Spellcasting   | 4 5 6 7 8 9 11 12 | 12.5
Earth Magic    | 2 4 5 |  5.6
Dodging        | 3 5 6 |  6.0
Air Magic      | 1 2 |  2.9
Poison Magic   | 1 3 |  3.3
Evocations     | 1 4 |  4.4
Armour         | 3 |  3.9
Shields        | 1 |  1.2
Stealth        | |  2.4

Action                     |  1- 3 |  4- 6 |  7- 9 | 10-12 || total
---------------------------+-------+-------+-------+-------++-------
  Melee: Mace              |    18 |     1 |       |       ||    19
         Dagger            |       |     6 |       |       ||     6
         Hand axe          |       |       |    13 |     8 ||    21
   Cast: Foxfire           |    84 |    55 |   138 |    99 ||   376
         Scorch            |     5 |    17 |    59 |    58 ||   139
         Flame Wave        |       |     1 |    19 |    21 ||    41
         Stone Arrow       |       |       |     2 |     3 ||     5
         Poisonous Vapours |       |       |     1 |     9 ||    10
         Starburst         |       |       |       |    17 ||    17
         Ignite Poison     |       |       |       |     9 ||     9
  Evoke: Wand              |       |       |     8 |     1 ||     9
    Use: Scroll            |     6 |     5 |     8 |     5 ||    24
         Potion            |       |       |     3 |     2 ||     5
   Stab: Distracted        |       |       |     1 |       ||     1
 Armour: Robe              |    24 |    19 |    83 |   120 ||   246
  Dodge: Dodged            |    39 |    21 |    71 |    82 ||   213
  Block: Buckler           |       |       |       |     1 ||     1

Table legend: (Time is in decaauts)
 A = Elapsed time spent in this place.
 B = Non-inter-level travel time spent in this place.
 C = Inter-level travel time spent in this place.
 D = Time resting spent in this place.
 E = Time spent auto-exploring this place.
 F = Levels seen in this place.
 G = Mean time per level.
                   A        B        C        D        E       F      G
               +--------+--------+--------+--------+--------+-----+--------+
         Total |  16571 |  16191 |    380 |   6319 |   7615 |  13 | 1274.7 |
       Dungeon |  15703 |  15345 |    358 |   6076 |   7157 |  10 | 1570.3 |
        Temple |     22 |      1 |     21 |      0 |      0 |   1 |   22.0 |
         Abyss |     69 |     69 |      0 |     22 |     31 |   1 |   69.0 |
         Sewer |    775 |    775 |      0 |    221 |    426 |   1 |  775.0 |
               +--------+--------+--------+--------+--------+-----+--------+

Top non-repeatable levels by time:
    D:10: 2371 daAuts
     D:9: 1922 daAuts
     D:6: 1749 daAuts
     D:8: 1677 daAuts
     D:3: 1602 daAuts
     D:1: 1551 daAuts
     D:7: 1523 daAuts
     D:4: 1420 daAuts
     D:5: 1243 daAuts
   Sewer: 775 daAuts
     D:2: 640 daAuts
 Abyss:2: 69 daAuts
  Temple: 22 daAuts
